 Dungeon Crawl Stone Soup version 0.23-a0-677-g07611c5 (console) character file.

29 Duffy the Conjurer (level 3, 24/24 HPs)
             Began as a Demonspawn Fire Elementalist on Jan 9, 2019.
             Quit the game on level 2 of the Dungeon.
             The game lasted 00:00:14 (91 turns).

Duffy the Conjurer (Demonspawn Fire Elementalist)     Turns: 91, Time: 00:00:14

Health: 24/24      AC:  2    Str:  8    XL:     3   Next: 1%
Magic:  3/6        EV: 12    Int: 17    God:
Gold:   0          SH:  0    Dex: 13    Spells: 5/6 levels left

rFire    . . .     SeeInvis .   (no weapon)
rCold    . . .     Gourm    .   (no shield)
rNeg     . . .     Faith    .   a - +0 robe
rPois    .         Spirit   .   (no helmet)
rElec    .         Reflect  .   (no cloak)
rCorr    .         Harm     .   (no gloves)
MR       .....                  (no boots)
Stlth    ++........             (no amulet)
HPRegen  0.08/turn              (no ring)
MPRegen  0.10/turn              (no ring)

@: no status effects
A: powered by pain 1, spiny 1
a: no special abilities


You were on level 2 of the Dungeon.
You were not hungry.

You visited 1 branch of the dungeon, and saw 2 of its levels.

Inventory:

Armour
 a - a +0 robe (worn)
Comestibles
 c - 2 rations


   Skills:
 - Level 1.7 Dodging
 - Level 1.7 Stealth
 - Level 2.0 Spellcasting
 + Level 3.0 Conjurations
 - Level 2.6 Fire Magic


You had 5 spell levels left.
You knew the following spells:

 Your Spells              Type           Power        Failure   Level  Hunger
h - Flame Tongue          Conj/Fire      ##...        6%          1    #......

Your spell library contained the following spells:

 Spells                   Type           Power        Failure   Level  Hunger
 Throw Flame              Conj/Fire      ##....       9%          2    ###....
 Conjure Flame            Conj/Fire      ##......     19%         3    ###....
 Inner Flame              Hex/Fire       #.......     32%         3    ###....
 Sticky Flame             Conj/Fire      ##......     52%         4    #####..
 Fireball                 Conj/Fire      ##........   86%         5    ######.


Dungeon Overview and Level Annotations

Branches:
Dungeon (2/15)

Altars:


Innate Abilities, Weirdness & Mutations

You sometimes gain a little power by taking damage.
You are partially covered in sharp spines.


Message History

Increase (S)trength, (I)ntelligence, or (D)exterity?
You feel clever.
Your demonic ancestry asserts itself...
Sharp spines emerge from parts of your body.
The bat closely misses you.
You barely miss the bat. The bat is struck by your spines. The bat hits you.
The bat is struck by your spines. The bat barely misses you.
You miss the bat.
The bat is severely wounded.
The bat barely misses you.
An adder comes into view.
The bat is struck by your spines.
You kill the bat!
The adder moves out of view.
Found a grey potion.
Things that are here:
a +8 club; a +0 robe
Okay, then.
Found 7 gold pieces.
There is an escape hatch in the ceiling here.
Are you sure you want to abandon this character and quit the game? (Confirm

.## .$ ..### # #...#.# .
#...#.# !# # #.....#..#
#.# #.#......... #.#
#.#.@.....# ##.##
#....#.#..# # #...
.....#....# # #.#..#
#### #)#..# #.#.#..#
#####.#..#..
#......####.....^......
...#.<.................
#.....#.###.#####>##...#
#.......###.## .# #.#.


There were no monsters in sight!

Vanquished Creatures
  Jessica (D:2)
  A goblin (D:1)
  A bat (D:2)
  A frilled lizard (D:1)
  A rat (D:1)
5 creatures vanquished.

Notes
Turn   | Place    | Note
-------+----------+-------------------------------------------
     0 | D:1      | Duffy the Demonspawn Fire Elementalist began the quest for
                  | the Orb.
     0 | D:1      | Reached XP level 1. HP: 13/13 MP: 3/3
    82 | D:2      | Noticed Jessica
    83 | D:2      | Killed Jessica
    83 | D:2      | Reached skill level 3 in Conjurations
    83 | D:2      | Gained mutation: You sometimes gain a little power by
                  | taking damage. [demonic ancestry]
    83 | D:2      | Reached XP level 2. HP: 19/19 MP: 3/5
    83 | D:2      | Gained mutation: You are partially covered in sharp spines.
                  | [demonic ancestry]
    83 | D:2      | Reached XP level 3. HP: 24/24 MP: 3/6
    91 | D:2      | Quit the game

Vault maps used:
D:1:      dpeg_arrival_tiny_h
D:2:      nicolae_overflow_crystal_walls, uniq_jessica

Skill      XL: |  1 |
---------------+----+-----
Conjurations   | 3 |  3.0
Dodging        | |  1.7
Stealth        | |  1.7
Spellcasting   | |  2.0
Fire Magic     | |  2.6

Action                   || total
-------------------------++-------
Melee: Unarmed           ||     2
 Cast: Flame Tongue      ||     4
Dodge: Dodged            ||     3

Table legend:
 A = Non-vault XP
 B = Vault XP
 C = Vault XP percentage of total XP
 D = Non-vault monster count
 E = Vault monster count
 F = Vault count percentage of total count
                 A         B        C        D         E       F
            +---------+---------+-------+---------+---------+-------
      Total |       5 |      37 |  88.1 |       4 |       1 |  20.0
            +---------+---------+-------+---------+---------+-------
        D:1 |       4 |       0 |   0.0 |       3 |       0 |   0.0
        D:2 |       1 |      37 |  97.4 |       1 |       1 |  50.0
            +---------+---------+-------+---------+---------+-------
